 Dungeon Crawl Stone Soup version 0.29.0-4-gdea44cf6ec (webtiles) character file.

Game seed: 10592289980201163160

4 qw the Sneak (level 1, 0/14 HPs)
             Began as a Gargoyle Delver on Sept 10, 2022.
             Slain by a scorpion (5 damage)
             ... on level 5 of the Dungeon.
             The game lasted 00:00:07 (157 turns).

qw the Sneak (Gargoyle Delver)                       Turns: 157, Time: 00:00:07

Health: 0/14       AC:  7    Str: 15    XL:     1   Next: 60%
Magic:  1/1        EV: 10    Int: 10    God:
Gold:   0          SH:  0    Dex: 11    Spells: 0/0 levels left

rFire   . . .      SeeInvis .   a - +0 hand axe
rCold   . . .      Faith    .   (no shield)
rNeg    + . .      Spirit   .   h - +0 ring mail
rPois   inf        Reflect  .   (no helmet)
rElec   +          Harm     .   (no cloak)
rCorr   .          Rampage  .   (no gloves)
Will    .....                   (no boots)
Stlth   ++........              (no amulet)
HPRegen 0.04/turn               (no ring)
MPRegen 0.07/turn               (no ring)

@: no status effects
A: sickness immunity, AC +2, negative energy resistance 1, electricity
resistance, torment resistance 1, petrification resistance
a: no special abilities


You were on level 5 of the Dungeon.
You visited 1 branch of the dungeon, and saw 1 of its levels.


Innate Abilities, Weirdness & Mutations

You are immune to sickness and miasma.
Your stone body is resilient. (AC +2)
You are immune to poison.
You resist negative energy. (rN+)
You are resistant to electric shocks. (rElec)
You are resistant to unholy torment.
You are immune to petrification.


   Skills:
 - Level 3.2 Fighting
 + Level 2.1 Axes
 - Level 1.5 Dodging
 - Level 5.4 Stealth


You couldn't memorise any spells.
You didn't know any spells.
Your spell library was empty.

Inventory:

Hand Weapons
 a - a +0 hand axe (weapon)
Armour
 h - a +0 ring mail (worn)
Wands
 g - a wand of digging (3)
Potions
 f - a potion of haste

Dungeon Overview and Level Annotations

Branches:
Dungeon (5/15)
 Temple: D:4-7

Altars:


Message History

You continue taking off your +0 leather armour. x4
You finish taking off your +0 leather armour.
You start putting on your armour.
You continue putting on your +0 ring mail. x5
You finish putting on your +0 ring mail.
133 ||| DROPPING +0 leather armour.
You drop a +0 leather armour.
134 ||| DROPPING scroll of fog.
You drop a scroll of fog.
135 ||| DROPPING scroll of magic mapping.
You drop a scroll of magic mapping.
136 ||| DROPPING scroll of fear.
You drop a scroll of fear.
(D) Dungeon
Where to? (* - list waypoints, ? - help)
What level of the Dungeon? (default 1, ? - help)
Found a scale mail.
A scorpion comes into view.
You hit the scorpion but do no damage.
The scorpion stings you but does no damage.
The scorpion stings you.
You hit the scorpion.
The scorpion is lightly wounded.
The scorpion stings you but does no damage.
You closely miss the scorpion.
The scorpion is lightly wounded.
The scorpion closely misses you. x2
You hit the scorpion.
The scorpion is lightly wounded.
The scorpion misses you.
You hit the scorpion but do no damage.
The scorpion is lightly wounded.
The scorpion stings you but does no damage.
You hit the scorpion.
The scorpion is moderately wounded.
The scorpion closely misses you. The scorpion stings you.
You hit the scorpion.
The scorpion is moderately wounded.
The scorpion stings you but does no damage.
You hit the scorpion.
The scorpion is heavily wounded.
The scorpion stings you. x2
You die...

##....#.............[..
....##..................
....#.#......%..........
......#.................
#...........?...........
##........##..#.........
####....###...........#
#####......#..........##
.........#......@s......
.....#..>#...........##.
#..#.(..####........##
#.##...## #.......<##
######## #.........
#.......... ##..........
...#~~~~~~~.


You could see a scorpion.

Vanquished Creatures
  3 jackals (D:5)
3 creatures vanquished.

Notes
Turn   | Place    | Note
-------+----------+-------------------------------------------
     0 | D:5      | qw the Gargoyle Delver began the quest for the Orb.
     0 | D:5      | Reached XP level 1. HP: 14/14 MP: 1/1
     0 | D:5      | 0 ||| qw: Version: 0.1-a-116-g5d60599
     0 | D:5      | 0 ||| qw: Game counter: 9264
     0 | D:5      | 0 ||| qw: Always use a shield: true
     0 | D:5      | 0 ||| qw: God list: Okawaru
     0 | D:5      | 0 ||| qw: Allow faded altars: false
     0 | D:5      | 0 ||| qw: Do Orc after D:15 true
     0 | D:5      | 0 ||| qw: Do second Lair branch before Depths: true
     0 | D:5      | 0 ||| qw: Lair rune preference: random
     0 | D:5      | 0 ||| qw: Plans: Normal
     0 | D:5      | 0 ||| PLANNING D:1-11
    16 | D:5      | 16 ||| Stepping ~*~*~tactically~*~*~ (stealth).
    26 | D:5      | 26 ||| Stepping ~*~*~tactically~*~*~ (stealth).
    28 | D:5      | 28 ||| Stepping ~*~*~tactically~*~*~ (stealth).
    30 | D:5      | 30 ||| Stepping ~*~*~tactically~*~*~ (stealth).
   123 | D:5      | 123 ||| UPGRADING to +0 ring mail.
   133 | D:5      | 133 ||| DROPPING +0 leather armour.
   134 | D:5      | 134 ||| DROPPING scroll of fog.
   135 | D:5      | 135 ||| DROPPING scroll of magic mapping.
   136 | D:5      | 136 ||| DROPPING scroll of fear.
   140 | D:5      | Noticed a scorpion
   157 | D:5      | Slain by a scorpion

Levels and vault maps discovered:
D:5:      layout_cave_pools, nicolae_overflow_two_pavilions

Skill      XL: |  1 |
---------------+----+-----
Axes           | 2 |  2.1
Fighting       | |  3.2
Dodging        | |  1.5
Stealth        | |  5.4

Action                   || total
-------------------------++-------
Melee: Hand axe          ||    27
Armor: Leather armour    ||     6
       Ring mail         ||     4
Dodge: Dodged            ||    22

Table legend:
 A = Non-vault XP
 B = Vault XP
 C = Vault XP percentage of total XP
 D = Non-vault monster count
 E = Vault monster count
 F = Vault count percentage of total count
                 A         B        C        D         E       F
            +---------+---------+-------+---------+---------+-------
      Total |       6 |       0 |   0.0 |       3 |       0 |   0.0
            +---------+---------+-------+---------+---------+-------
        D:5 |       6 |       0 |   0.0 |       3 |       0 |   0.0
            +---------+---------+-------+---------+---------+-------
